 Dungeon Crawl Stone Soup version 0.24.1-8-ga250c9d538 (webtiles) character file.

Game seed: 2412380070401458629, levelgen mode: deterministic

109 Hugehornet the Changer (level 4, -22/28 HPs)
             Began as an Octopode Transmuter on May 6, 2020.
             Blown up by Pikel (32 damage)
             ... with a disintegration bolt
             ... on level 4 of the Dungeon.
             The game lasted 00:05:43 (2759 turns).

Hugehornet the Changer (Octopode Transmuter)        Turns: 2759, Time: 00:05:44

Health: -22/28     AC:  2    Str:  9    XL:     4   Next: 89%
Magic:  4/7        EV: 21    Int: 16    God:
Gold:   167        SH:  0    Dex: 17    Spells: 1/7 levels left

rFire    . . .     SeeInvis .     - Unarmed
rCold    . . .     Gourm    .   (shield currently unavailable)
rNeg     + . .     Faith    .   (helmet currently unavailable)
rPois    x         Spirit   .   (no amulet)
rElec    .         Reflect  .   e - +2 ring of evasion
rCorr    .         Harm     .   g - ring of positive energy
MR       .....                  l - ring of stealth
Stlth    +++.......             (no ring)
HPRegen  0.09/turn              (no ring)
MPRegen  0.10/turn              (no ring)
                                (no ring)
                                (no ring)

@: spider-form
A: tiny, almost no armour, stealthy swim, (amphibious), 8 rings, (constrict 8)
a: End Transformation


You were on level 4 of the Dungeon.
You were not hungry.
You were a venomous arachnid creature.
You visited 1 branch of the dungeon, and saw 4 of its levels.

You collected 167 gold pieces.

Inventory:

Missiles
 a - 79 arrows
Armour
 m - a +0 buckler
Jewellery
 e - a +2 ring of evasion (left front leg)
 g - a ring of positive energy (right front leg)
 l - a ring of stealth (on tentacle)
Scrolls
 b - a scroll of fear {unknown}
 d - 2 scrolls of teleportation {unknown}
 h - a scroll of blinking {unknown}
 i - 2 scrolls of remove curse
 j - a scroll of enchant weapon {unknown}
 o - a scroll of magic mapping {unknown}
 q - a scroll of enchant armour {unknown}
Potions
 f - a potion of berserk rage
 k - 3 potions of curing
 n - 2 potions of heal wounds
 p - a potion of invisibility {unknown}
 s - 2 potions of resistance {unknown}
Comestibles
 c - 4 rations


   Skills:
 - Level 1.0 Fighting
 - Level 2.0 Dodging
 * Level 3.8 Unarmed Combat
 - Level 2.0 Spellcasting
 * Level 4.1 Transmutations
 - Level 1.0 Poison Magic


You had one spell level left.
You knew the following spells:

 Your Spells              Type           Power        Failure   Level  Hunger
a - Beastly Appendage     Tmut           ##....       12%         1    #......
b - Sticks to Snakes      Tmut           ##......     17%         2    ###....
c - Spider Form           Tmut/Pois      #.........   43%         3    ###....

Your spell library contained the following spells:

 Spells                   Type           Power        Failure   Level  Hunger
 Magic Dart               Conj           #...         41%         1    #......
 Blink                    Tloc           N/A          52%         2    ###....
 Call Imp                 Summ           #.......     52%         2    ###....
 Slow                     Hex            #.......     52%         2    ###....
 Mephitic Cloud           Conj/Pois/Air  #.......     71%         3    ###....
 Conjure Flame            Conj/Fire      #.......     73%         3    ###....
 Ice Form                 Ice/Tmut       #.......     83%         4    #####..
 Blade Hands              Tmut           ##........   87%         5    ######.


Dungeon Overview and Level Annotations

Branches:
Dungeon (4/15)
 Temple: D:4-7

Altars:
Gozag

Annotations:
D:4 Pikel


Innate Abilities, Weirdness & Mutations

You cannot wear most types of armour.
You are very stealthy in the water. (Stealth+)
((You are amphibious.))
You can wear up to eight rings at the same time.
((You can use your tentacles to constrict eight enemies at once.))
((Your skin changes colour to match your surroundings (Stealth+).))
((Your rubbery body absorbs attacks. (AC +1, EV +1)))


Message History

Pikel shouts!
You hear a shout!
You hit Pikel but do no damage.
Pikel is poisoned.
Pikel misses you.
You barely miss Pikel.
Pikel is lightly wounded.
Pikel completely misses you.
You hit Pikel.
Pikel is lightly wounded.
Pikel barely misses you.
You hit Pikel but do no damage.
Pikel is lightly wounded.
You hit Pikel but do no damage.
Pikel is lightly wounded.
Pikel says, "You'll feel the lick of my whip!"
Pikel hits you with a +0 whip of flaming.
Pikel burns you.
You hit Pikel but do no damage.
Pikel looks even sicker.
Pikel is lightly wounded.
Pikel zaps a wand.
You are blasted!
Ouch! That really hurt!
You die...

#. #...#.##################.
#####.###.........##.............
..............###.##.###########.
...........(..##...#.# #.
###........##...#(## #.
#.##...#........>### #.
#.##...#.........รท..# #.
#.#######........##.# ..
#.######..Ks.....# # #.
#......#.#######.# #.
.......#.#.# #.# #. ....p#.#.#.#
#.# #. ##...#o#...# #.. #.
#.###.# # .%..p...# p.#oo##.# #.
#p.


You could see Pikel.

Vanquished Creatures
  2 slaves (D:4)
  4 adders
  2 worms (D:3)
  4 dart slugs
  3 leopard geckos
  A ball python (D:1)
  6 bats
  4 giant cockroaches
  2 goblins (D:1)
  4 hobgoblins
  4 jackals (D:2)
  2 quokkas
  3 frilled lizards
  9 kobolds
  8 rats
  A bush (D:3)
  2 plants (D:3)
61 creatures vanquished.

Notes
Turn   | Place    | Note
-------+----------+-------------------------------------------
     0 | D:1      | Hugehornet the Octopode Transmuter began the quest for the
                  | Orb.
     0 | D:1      | Reached XP level 1. HP: 13/13 MP: 3/3
   197 | D:1      | Reached XP level 2. HP: 16/18 MP: 3/5
   201 | D:1      | Learned a level 2 spell: Sticks to Snakes
   247 | D:1      | Reached skill level 3 in Transmutations
   375 | D:1      | Reached XP level 3. HP: 15/23 MP: 4/6
   380 | D:1      | Learned a level 3 spell: Spider Form
  1060 | D:2      | Found an opulent altar of Gozag.
  1256 | D:2      | Reached skill level 1 in Poison Magic
  1259 | D:2      | Reached XP level 4. HP: 25/28 MP: 5/7
  1741 | D:3      | Reached skill level 4 in Transmutations
  2122 | D:3      | Found a faded altar of an unknown god.
  2539 | D:4      | Noticed a slave
  2561 | D:4      | Noticed a slave
  2561 | D:4      | Noticed a slave
  2586 | D:4      | Killed a slave
  2702 | D:4      | Noticed a slave
  2719 | D:4      | Killed a slave
  2751 | D:4      | Noticed Pikel
  2759 | D:4      | Blown up by Pikel

Levels and vault maps discovered:
D:1:      dpeg_arrival_radiant, layout_basic, minmay_shallow_snake_nest
D:2:      layout_basic, nicolae_gozag_seed_capital
D:3:      layout_rooms, serial_forest, infiniplex_forest_lined_room_2,
          infiniplex_forest_straight_2, infiniplex_forest_clump_diagonal,
          infiniplex_forest_clump_cross, infiniplex_forest_end_1,
          chequers_ecumenical_altar_lobes
D:4:      layout_loops_ring, first_ration, serial_shops, kennysheep_little_box,
          uniq_pikel, uniq_blork_the_orc

Skill      XL: |  1  2  3  4 |
---------------+-------------+-----
Transmutations | 3 4 |  4.1
Poison Magic   | 1 |  1.0
Fighting       | |  1.0
Dodging        | |  2.0
Unarmed Combat | |  3.8
Spellcasting   | |  2.0

Action                   |  1- 3 |  4- 6 || total
-------------------------+-------+-------++-------
Melee: Unarmed           |    56 |   251 ||   307
       Constrict         |    20 |    19 ||    39
       Kick              |    18 |    59 ||    77
       Tentacles         |     8 |    55 ||    63
       Punch             |     1 |     8 ||     9
 Cast: Beastly Appendage |    20 |    23 ||    43
       Spider Form       |       |     4 ||     4
  Use: Scroll            |       |     5 ||     5
 Stab: Sleeping          |     8 |     4 ||    12
  Eat: Chunk             |     1 |     3 ||     4
       Ration            |       |     1 ||     1
Armor: Skin              |     6 |     2 ||     8
Dodge: Dodged            |    28 |    64 ||    92
